 Dungeon Sprint DCSS version 0.17-a0-18-gc25b939 (webtiles) character file.

2406 Ololoev the Arsonist (level 9, -8/51 HPs)
             Began as an Octopode Fire Elementalist on Mar 12, 2015.
             Was the Champion of Vehumet.
             Mangled by an eight-headed hydra (14 damage)
             ... summoned by Prityreu
             ... in the Dungeon (Sprint V: "Ziggurat Sprint").
             The game lasted 00:09:00 (480 turns).

Ololoev the Arsonist (Octopode Fire Elementalist)    Turns: 480, Time: 00:09:01

Health: -8/51      AC: 12    Str: 24    XL:     9   Next: 47%
Magic:  0/22       EV:  6    Int: 32    God:    Vehumet [******]
Gold:   0          SH:  0    Dex: 25    Spells: 4 memorised, 9 levels left

rFire  + + .     SeeInvis .     J - +8 lance "Wyrmbane" {slay drac, +Rage rPois rF+ AC+5}
rCold  + . .     Clarity  .     L - +18 shield of the gong {rElec rN+ MR+ EV-5}
rNeg   + + .     SustAb   +     a - +2 hat of the Bear Spirit {Spirit, +Rage rN+ MR++}
rPois  +         Gourm    .     (no amulet)
rElec  +         Spirit   +     y - +6 ring of dexterity
rCorr  +         Warding  .     z - +6 ring of dexterity
rMut   .         NoTele   +     A - +6 ring of intelligence
MR     +++..                    B - +6 ring of intelligence
Stlth  ++........               C - +6 ring of strength
                                D - +6 ring of strength
                                N - ring "Jiam" {SustAb +Fly}
                                m - +4 ring of protection

@: confused, mighty, exhausted, resistant, very slightly contaminated, hasted
and slowed, repel missiles, extremely resistant to hostile enchantments,
unstealthy
A: almost no armour, amphibious, 8 rings, constrict 8, camouflage 1, gelatinous
body 1
a: Renounce Religion, Evoke Berserk Rage, Evoke Flight


You were in the Dungeon.
You worshipped Vehumet.
Vehumet was exalted by your worship.
You were very hungry.

You visited 1 branch

Notes
Turn   | Place    | Note
--------------------------------------------------------------
     0 | D        | Ololoev, the Octopode Fire Elementalist, began the quest for the Orb.
     0 | D        | Reached XP level 1. HP: 11/11 MP: 3/3
     1 | D        | Found a corrupted altar of Lugonu.
     1 | D        | Found a viscous altar of Jiyva.
     1 | D        | Found a white marble altar of Elyvilon.
     1 | D        | Found a burning altar of Makhleb.
     1 | D        | Found an iron altar of Okawaru.
     3 | D        | Found a sparkling altar of Nemelex Xobeh.
     3 | D        | Found a basalt altar of Yredelemnul.
     3 | D        | Found a deep blue altar of Sif Muna.
     3 | D        | Found a radiant altar of Vehumet.
     7 | D        | Found a bloodstained altar of Trog.
    31 | D        | Found a shimmering altar of Xom.
    54 | D        | Became a worshipper of Vehumet
    85 | D        | Entered arena 1.
    85 | D        | Noticed a black bear
    85 | D        | Noticed a spriggan
    89 | D        | Killed a spriggan
    89 | D        | Reached skill level 5 in Spellcasting
    89 | D        | Reached skill level 7 in Conjurations
    89 | D        | Reached skill level 5 in Fire Magic
    89 | D        | Reached XP level 2. HP: 17/17 MP: 3/9
    89 | D        | Reached XP level 3. HP: 21/21 MP: 3/11
    89 | D        | Reached XP level 4. HP: 27/27 MP: 3/13
    89 | D        | Reached XP level 5. HP: 31/31 MP: 3/15
    91 | D        | Killed a black bear
    91 | D        | Reached skill level 8 in Conjurations
    91 | D        | Reached XP level 6. HP: 36/36 MP: 3/18
   104 | D        | Got the ring "Jiam" {SustAb +Fly}
   141 | D        | Reached skill level 10 in Conjurations
   141 | D        | Reached skill level 10 in Fire Magic
   141 | D        | Reached XP level 7. HP: 41/41 MP: 12/19
   160 | D        | Learned a level 5 spell: Fireball
   160 | D        | Entered arena 2.
   160 | D        | Noticed an orc priest
   161 | D        | Acquired Vehumet's first power
   161 | D        | Offered knowledge of Sandblast by Vehumet.
   161 | D        | Killed an orc priest
   174 | D        | Learned a level 2 spell: Repel Missiles
   177 | D        | Learned a level 2 spell: Blink
   178 | D        | Entered arena 3.
   178 | D        | Noticed a jelly
   178 | D        | Noticed an eye of draining
   178 | D        | Noticed a golden eye
   180 | D        | Killed a golden eye
   180 | D        | Reached skill level 11 in Fire Magic
   180 | D        | Killed a jelly
   184 | D        | Killed an eye of draining
   256 | D        | Entered arena 4.
   256 | D        | Noticed a yaktaur
   256 | D        | Noticed a centaur
   256 | D        | Noticed a centaur
   256 | D        | Noticed a centaur
   257 | D        | Killed a centaur
   257 | D        | Acquired Vehumet's second power
   257 | D        | Reached skill level 12 in Fire Magic
   257 | D        | Reached XP level 8. HP: 46/46 MP: 15/21
   257 | D        | Killed a centaur
   258 | D        | Killed a centaur
   258 | D        | Killed a yaktaur
   258 | D        | Reached skill level 13 in Fire Magic
   400 | D        | Entered arena 5.
   400 | D        | Noticed a jelly
   400 | D        | Noticed a jelly
   401 | D        | Killed a jelly
   401 | D        | Offered knowledge of Sting by Vehumet.
   401 | D        | Acquired Vehumet's third power
   401 | D        | Killed a jelly
   401 | D        | Reached skill level 1 in Shields
   417 | D        | Identified the Tome of Shape Shifting and Summoning (You found it in the Dungeon)
   417 | D        | Entered arena 6.
   417 | D        | Noticed an iron imp
   417 | D        | Noticed a hell hound
   417 | D        | Noticed a crimson imp
   417 | D        | Noticed a hell hound
   423 | D        | Killed a hell hound
   426 | D        | Killed a hell hound
   427 | D        | Killed a crimson imp
   429 | D        | Killed an iron imp
   429 | D        | Reached XP level 9. HP: 51/51 MP: 18/22
   460 | D        | Entered arena 7.
   460 | D        | Noticed a blue devil
   460 | D        | Noticed a red devil
   460 | D        | Noticed Prityreu the pandemonium lord
   460 | D        | Noticed a blue devil
   460 | D        | Noticed an ice devil
   466 | D        | Killed an ice devil
   466 | D        | Reached skill level 5 in Shields
   466 | D        | Reached skill level 14 in Fire Magic
   466 | D        | Killed a blue devil
   476 | D        | Noticed an eldritch tentacle
   479 | D        | Noticed an eight-headed hydra
   480 | D        | Mangled by an eight-headed hydra

Inventory:

Hand weapons
 J - the +8 lance "Wyrmbane" (weapon) {slay drac, +Rage rPois rF+ AC+5}
   (You found it in the Dungeon)

   It affects your AC (+5).
   It protects you from fire.
   It protects you from poison.
   It lets you go berserk.
 K - the +6 Majin-Bo {vamp, Archmagi MP+6 Int+6}
   (You found it in the Dungeon)

   It inflicts no extra harm, but heals its wielder somewhat when it strikes a
   living foe.
   It affects your intelligence (+6).
   It affects your magic capacity (+6).
Armour
 a - the +2 hat of the Bear Spirit (worn) {Spirit, +Rage rN+ MR++}
   (You found it in the Dungeon)

   It protects you from negative energy.
   It affects your resistance to hostile enchantments.
   It lets you go berserk.
 L - the +18 shield of the gong (worn) {rElec rN+ MR+ EV-5}
   (You found it in the Dungeon)

   It affects your evasion (-5).
   It insulates you from electricity.
   It protects you from negative energy.
   It affects your resistance to hostile enchantments.
Magical staves
 E - an uncursed staff of energy
Jewellery
 m - a +4 ring of protection (on tentacle)
 y - a +6 ring of dexterity (left tentacle)
 z - a +6 ring of dexterity (right tentacle)
 A - a +6 ring of intelligence (on tentacle)
 B - a +6 ring of intelligence (on tentacle)
 C - a +6 ring of strength (on tentacle)
 D - a +6 ring of strength (on tentacle)
 N - the ring "Jiam" (on tentacle) {SustAb +Fly}
   (You found it in the Dungeon)

   [ring of sustain abilities]

   It sustains your strength, intelligence and dexterity.
   It lets you fly.
Magical devices
 F - a wand of disintegration (7)
 G - a wand of fire (5)
 H - a wand of cold (5)
 I - a wand of draining (5)
Scrolls
 i - 4 scrolls of blinking
 p - 4 scrolls of amnesia
 q - 3 scrolls of recharging
 r - 7 scrolls of fog
 s - 2 scrolls of holy word
 t - 5 scrolls of identify
 u - 5 scrolls of remove curse
 v - 2 scrolls of fear
Potions
 d - 10 potions of curing
 e - 12 potions of heal wounds
 f - 5 potions of haste
 g - 7 potions of magic
 j - 2 potions of invisibility
 k - 2 potions of restore abilities
 l - 3 potions of resistance
 n - a potion of agility
 o - a potion of might
Books
 b - a book of Flames

   Spells                             Type                      Level
   a - Flame Tongue                   Conjuration/Fire             1
   b - Throw Flame                    Conjuration/Fire             2
   c - Conjure Flame                  Conjuration/Fire             3
   d - Inner Flame                    Hexes/Fire                   3
   e - Sticky Flame                   Conjuration/Fire             4
   f - Fireball                       Conjuration/Fire             5
Comestibles
 c - 5 bread rations
 w - 42 fruits
 x - 4 meat rations
 M - 3 chunks of flesh

Table legend:
 A = Turns spent in this place as a percentage of turns spent in the entire game.
 B = Non-inter-level travel turns spent in this place as a percentage of non-inter-level travel turns spent in the entire game.
 C = Inter-level travel turns spent in this place as a percentage of turns spent in this place.
 D = Turns resting spent in this place as a percentage of non-inter-level travel turns spent in this place.
 E = Turns spent auto-exploring this place as a percentage of non-inter-level travel turns spent in this place.
 F = Non-inter-level travel turns spent in this place divided by the number of levels of this place that you've seen.
                   A       B       C       D       E      F
               +-------+-------+-------+-------+-------+----------------------
         Total | 100.0 | 100.0 |   0.0 |   6.7 |   0.0 | 314.0
       Dungeon | 100.0 | 100.0 |   0.0 |   6.7 |   0.0 | 314.0
               +-------+-------+-------+-------+-------+----------------------


   Skills:
 - Level 2.0 Dodging
 - Level 2.6 Stealth
 + Level 5.8 Shields
 - Level 5.9 Spellcasting
 + Level 13.0 Conjurations
 + Level 14.2 Fire Magic


You had 9 spell levels left.
You knew the following spells:

 Your Spells              Type           Power        Failure   Level  Hunger
a - Flame Tongue          Conj/Fire      #####        1%          1    None
b - Fireball              Conj/Fire      #######...   1%          5    #####..
c - Repel Missiles        Chrm/Air       #.....       28%         2    None
d - Blink                 Tloc           N/A          28%         2    None


Dungeon Overview and Level Annotations

Branches:
Dungeon (1/1)

Altars:
Ashenzari
Cheibriados
Dithmenos
Elyvilon
Fedhas
Gozag
Kikubaaqudgha
Makhleb
Nemelex Xobeh
Okawaru
Qazlal
Ru
Sif Muna
Trog
Vehumet
Xom
Yredelemnul
Zin
The Shining One
Beogh
Jiyva
Lugonu


Innate Abilities, Weirdness & Mutations

You cannot wear most types of armour.
You are amphibious.
You can wear up to eight rings at the same time.
You can use your tentacles to constrict many enemies at once.
Your skin changes colour to match your surroundings (Stealth).
Your rubbery body absorbs attacks (AC +1).


Message History

An eldritch tentacle comes into view.
You closely miss Prityreu. You squeeze Prityreu!
Prityreu is lightly wounded.
You block Prityreu's attack.
BONNNG!
Unknown command.
You puncture Prityreu!
Prityreu is moderately wounded.
You block the red devil's attack.
PANG!
You block the blue devil's attack.
GONNNNG!
Prityreu points at you and mumbles some strange words.
You resist with almost no effort.
You puncture Prityreu!
Prityreu is moderately wounded.
You block the blue devil's attack.
BOUMMMMG!
You block the red devil's attack.
GONNNNG!
Prityreu casts a spell.
An eight-headed hydra appears.
You miss Prityreu. Your squeeze misses Prityreu.
Prityreu is moderately wounded.
You block the eldritch tentacle's attack.
BOUMMMMG!
The eldritch tentacle claws you.
You are confused.
The blue devil hits you!
You are no longer berserk.
You are exhausted.
You feel yourself slow down.
You are feeling very hungry.
Prityreu hits you!
The eldritch tentacle barely misses you. x2
The eight-headed hydra bites you but does no damage.
The eight-headed hydra bites you! The eight-headed hydra bites you.
The eight-headed hydra bites you but does no damage.
The eight-headed hydra bites you! x2
You die...

.8©8
▓..|?:..▓
▓..:):..▓
▓.......▓
▓.§.....▓
▓.*.....▓
▓..**4..▓
▓..4&*..▓
▓.D@w...▓
▓▓▓▓▓▓▓▓▓


You could see Prityreu, an eldritch tentacle, an eight-headed hydra, a blue
devil and a red devil.

Table legend:
 A = Kills in this place as a percentage of kills in entire the game.
 B = Kills by you in this place as a percentage of kills by you in the entire game.
 C = Kills by friends in this place as a percentage of kills by friends in the entire game.
 D = Other kills in this place as a percentage of other kills in the entire game.
 E = Experience gained in this place as a percentage of experience gained in the entire game.
 F = Experience gained in this place divided by the number of levels of this place that you have seen.
                   A       B       C       D       E      F
               +-------+-------+-------+-------+-------+----------------------
         Total | 100.0 | 100.0 |  -nan |  -nan | 100.0 | 3102.0
       Dungeon | 100.0 | 100.0 |  -nan |  -nan | 100.0 | 3102.0
               +-------+-------+-------+-------+-------+----------------------

Vanquished Creatures
  An ice devil (D)
  A yaktaur (D)
  A blue devil (D)
  A spriggan (D)
  A golden eye (D)
  2 hell hounds (D)
  An eye of draining (D)
  A black bear (D)
  3 centaurs (D)
  A crimson imp (D)
  An orc priest (D)
  An iron imp (D)
  3 jellies (D)
  A giant eyeball (D)
  A white imp (D)
  An adder zombie (D)
  3 oozes (D)
  2 orcs (D)
  A giant gecko skeleton (D)
27 creatures vanquished.

Vanquished Creatures (others)
  6 eldritch tentacle segments (D)
6 creatures vanquished.

Grand Total: 33 creatures vanquished

Action                   |  1- 3 |  4- 6 |  7- 9 || total
-------------------------+-------+-------+-------++-------
Melee: Lance             |     2 |     2 |    22 ||    26
 Cast: Fireball          |       |       |    11 ||    11
       Repel Missiles    |       |       |     1 ||     1
       Flame Tongue      |       |       |     1 ||     1
Evoke: Staff of energy   |       |       |     5 ||     5
  Use: Potion            |     3 |     1 |    12 ||    16
 Stab: Sleeping          |     1 |       |       ||     1
  Eat: Chunk             |       |       |     2 ||     2

Vault maps used:
D:        sprint_v
